 Dungeon Sprint DCSS version 0.16-a0-4004-g8d6611c (webtiles) character file.

14200000 PolkaDot the Ninja (level 27, -3/174 HPs)
             Began as a Spriggan Assassin on Feb 15, 2015.
             Was the Champion of Makhleb.
             Killed from afar by a scourge (45 damage)
             ... with a bolt of poison
             ... in the Dungeon (Sprint VIII: "Arena of Blood").
             The game lasted 00:04:38 (142 turns).

PolkaDot the Ninja (Spriggan Assassin)               Turns: 142, Time: 00:04:38

Health: -3/174     AC:  6    Str:  7      XL:     27
Magic:  50/50      EV: 38    Int: 16      God:    Makhleb [******]
Gold:   0          SH:  0    Dex: 16 (27) Spells: 0 memorised, 80 levels left

rFire  + . .     SeeInvis +     n - +∞ Axe of Woe
rCold  . . .     Clarity  .     c - +0 robe
rNeg   . . .     SustAb   .     (shield restricted)
rPois  .         Gourm    .     (helmet restricted)
rElec  .         Spirit   .     d - +0 cloak
rCorr  .         Warding  .     (gloves unavailable)
rMut   .         NoTele   +     (boots unavailable)
MR     ++++.                    (no amulet)
Stlth  ++++++++++               (no ring)
                                a - ring of protection from fire

@: lethally poisoned (-3 -> -52), very quick, incredibly resistant to hostile
enchantments, uncannily stealthy
A: unfitting armour, see invisible, herbivore 3, speed 3, slow metabolism 2
a: Minor Destruction, Lesser Servant of Makhleb, Major Destruction, Greater
Servant of Makhleb, Renounce Religion


You were in the Dungeon.
You worshipped Makhleb.
Makhleb was exalted by your worship.
You were not hungry.

You visited 1 branch

Inventory:

Hand weapons
 n - the +∞ Axe of Woe (weapon)
   (You found it in the Dungeon)
Missiles
 e - 8 poisoned needles
 f - 2 curare-tipped needles
Armour
 c - a +0 robe (worn)
 d - a +0 cloak (worn)
Jewellery
 a - a ring of protection from fire (left hand)
Scrolls
 m - a scroll of blinking
Potions
 h - a potion of curing
 j - a potion of haste
 k - 2 potions of magic
 l - a potion of berserk rage
Comestibles
 g - a bread ration


   Skills:
 O Level 27 Fighting
   Level 2.1 Short Blades
 O Level 27 Axes
 O Level 27 Throwing
 O Level 27 Armour
 O Level 27 Dodging
 O Level 27 Stealth
 O Level 27 Unarmed Combat
 O Level 27 Spellcasting
 O Level 27 Invocations


You had 80 spell levels left.
You didn't know any spells.

Dungeon Overview and Level Annotations

Branches:
Dungeon (1/1)

Altars:
Makhleb


Innate Abilities, Weirdness & Mutations

You are tiny and cannot use many weapons and most armour.
You have supernaturally acute eyesight.
You are a herbivore.
You cover ground extremely quickly.
You need consume almost no food.


Message History

The air twists around and strikes you!
* * * LOW HITPOINT WARNING * * *
You hear a shout! x4
A large bag of meat comes into view. It is wielding a +9 giant spiked club.
Drink which item? (? for menu, Esc to quit)
You feel much better.
You feel very sick.
You hear a shout!
The scourge throws poison at you. The bolt of poison misses you.
The tyrant gestures wildly while chanting.
You hear a shout! x4
The large bag of meat moves out of view.
You hear a shout! x4
The scourge throws poison at you.
The bolt of poison hits the small abomination.
The small abomination completely resists.
The bolt of poison hits you!
You are lethally poisoned!
You die...

..
......§§x...#
.
.....##)§...#
#o
......X§XX..#
...
...###.X)X.#
...
.....XL.X.#
...
#...XXX.Xz# .
......So).#
#......xx#
.....W.)@# ..
M#..#....# #.
..#.....#
...#....#
..#..D..#
.......#
..##..# #
...# z.#


You could see an accursed (wandering), a tentacled monstrosity, a tyrant, an
eight-headed meat hydra, a scourge, 2 sculptors of flesh, 10 large abominations,
a dread, 2 small abominations and a bag of meat.

Vanquished Creatures
  Harold (D)
  2 great orbs of eyes (D)
  3 greater mummies (D)
  5 hell beasts (D)
  2 hell knights (D)
  5 hill giants (D)
  A hydra (D)
  2 liches (D)
  28 ogres (D)
  65 orcs (D)
  3 phantoms (D)
  4 skeletal warriors (D)
  8 vampire knights (D)
  11 small abominations (D)
  A soul eater (D)
  5 large abominations (D)
  5 crawling corpses (D)
151 creatures vanquished.

Vanquished Creatures (others)
  A large abomination (D)
  A crawling corpse (D)
2 creatures vanquished.

Grand Total: 153 creatures vanquished

Notes
Turn   | Place    | Note
--------------------------------------------------------------
     0 | D        | PolkaDot, the Spriggan Assassin, began the quest for the Orb.
     0 | D        | Reached XP level 1. HP: 10/10 MP: 2/2
     3 | D        | Noticed a bag of meat
     3 | D        | Noticed a bag of meat
     3 | D        | Noticed a bag of meat
     4 | D        | Noticed a bag of meat
     6 | D        | Noticed a meat berserker
     6 | D        | Noticed a bag of meat
     6 | D        | Became a worshipper of Makhleb the Destroyer
     7 | D        | Noticed a bag of meat
     9 | D        | Noticed a bag of meat
     9 | D        | Noticed a meat berserker
    11 | D        | Noticed a bag of meat
    12 | D        | Noticed a bag of meat
    12 | D        | Noticed a bag of meat
    13 | D        | Noticed a bag of meat
    13 | D        | Noticed a bag of meat
    13 | D        | Noticed a bag of meat
    14 | D        | Noticed a bag of meat
    14 | D        | Noticed a bag of meat
    14 | D        | Noticed a meat berserker
    15 | D        | Noticed a bag of meat
    15 | D        | Noticed a bag of meat
    16 | D        | Noticed a bag of meat
    16 | D        | Noticed a bag of meat
    16 | D        | Noticed a bag of meat
    17 | D        | Noticed a bag of meat
    17 | D        | Noticed a bag of meat
    17 | D        | Killed a bag of meat
    17 | D        | Reached skill level 12 in Fighting
    17 | D        | Reached skill level 15 in Throwing
    17 | D        | Reached skill level 18 in Dodging
    17 | D        | Reached skill level 20 in Stealth
    17 | D        | Reached XP level 2. HP: 12/26 MP: 4/4
    17 | D        | Reached XP level 3. HP: 13/30 MP: 6/6
    17 | D        | Reached XP level 4. HP: 15/35 MP: 8/8
    17 | D        | Reached XP level 5. HP: 16/39 MP: 10/10
    17 | D        | Reached XP level 6. HP: 18/44 MP: 12/12
    17 | D        | Reached XP level 7. HP: 20/49 MP: 14/14
    17 | D        | Reached XP level 8. HP: 21/53 MP: 16/16
    17 | D        | Reached XP level 9. HP: 22/57 MP: 18/18
    17 | D        | Reached XP level 10. HP: 23/62 MP: 19/19
    17 | D        | Reached XP level 11. HP: 24/66 MP: 20/20
    18 | D        | Noticed a bag of meat
    18 | D        | Noticed a bag of meat
    18 | D        | Noticed a meat berserker
    18 | D        | Killed a meat berserker
    18 | D        | Acquired Makhleb's first power
    18 | D        | Reached skill level 27 in Stealth
    18 | D        | Reached XP level 12. HP: 25/72 MP: 21/21
    18 | D        | Killed a bag of meat
    18 | D        | Reached skill level 15 in Fighting
    18 | D        | Reached XP level 13. HP: 75/80 MP: 22/22
    18 | D        | Killed a meat berserker
    18 | D        | Acquired Makhleb's second power
    18 | D        | Killed a bag of meat
    18 | D        | Reached XP level 14. HP: 79/90 MP: 23/23
    19 | D        | Noticed a large bag of meat
    19 | D        | Noticed a bag of meat
    19 | D        | Killed a meat berserker
    19 | D        | Acquired Makhleb's third power
    19 | D        | Killed a bag of meat
    19 | D        | Reached skill level 10 in Axes
    19 | D        | Reached XP level 15. HP: 98/98 MP: 24/24
    19 | D        | Killed a bag of meat
    19 | D        | Acquired Makhleb's fourth power
    19 | D        | Killed a bag of meat
    19 | D        | Killed a bag of meat
    20 | D        | Noticed a bag of meat
    20 | D        | Noticed a bag of meat
    20 | D        | Noticed a bag of meat
    20 | D        | Killed a bag of meat
    20 | D        | Acquired Makhleb's fifth power
    20 | D        | Reached XP level 16. HP: 107/109 MP: 25/25
    20 | D        | Killed a bag of meat
    20 | D        | Reached skill level 15 in Axes
    20 | D        | Reached skill level 27 in Throwing
    20 | D        | Killed a bag of meat
    20 | D        | Killed a bag of meat
    20 | D        | Killed a bag of meat
    20 | D        | Reached XP level 17. HP: 113/119 MP: 26/26
    20 | D        | Killed a bag of meat
    20 | D        | Killed a bag of meat
    20 | D        | Killed a bag of meat
    20 | D        | Reached skill level 27 in Fighting
    21 | D        | Noticed a bag of meat
    21 | D        | Noticed a meat berserker
    21 | D        | Killed a bag of meat
    21 | D        | Killed a bag of meat
    21 | D        | Reached XP level 18. HP: 127/127 MP: 27/27
    21 | D        | Killed a bag of meat
    21 | D        | Reached skill level 27 in Dodging
    22 | D        | Noticed a bag of meat
    22 | D        | Noticed a bag of meat
    22 | D        | Killed a meat berserker
    22 | D        | Reached skill level 27 in Axes
    22 | D        | Killed a bag of meat
    22 | D        | Reached skill level 5 in Armour
    22 | D        | Reached skill level 5 in Unarmed Combat
    23 | D        | Noticed a large bag of meat
    23 | D        | Noticed a bag of meat
    23 | D        | Noticed a bag of meat
    23 | D        | Killed a bag of meat
    23 | D        | Killed a bag of meat
    24 | D        | Noticed a bag of meat
    24 | D        | Killed a bag of meat
    24 | D        | Reached skill level 10 in Armour
    24 | D        | Reached skill level 15 in Spellcasting
    24 | D        | Reached XP level 19. HP: 132/132 MP: 27/41
    25 | D        | Killed a bag of meat
    25 | D        | Noticed a large bag of meat
    26 | D        | Noticed a bag of meat
    26 | D        | Killed a large bag of meat
    26 | D        | Reached skill level 15 in Invocations
    26 | D        | Killed a bag of meat
    26 | D        | Killed a bag of meat
    26 | D        | Reached skill level 15 in Unarmed Combat
    27 | D        | Killed a meat berserker
    27 | D        | Killed a large bag of meat
    27 | D        | Reached skill level 15 in Armour
    27 | D        | Reached XP level 20. HP: 137/137 MP: 27/45
    27 | D        | Killed a bag of meat
    27 | D        | Killed a large bag of meat
    29 | D        | Killed a bag of meat
    31 | D        | Noticed The Servant
    31 | D        | Noticed a bag of meat
    31 | D        | Noticed a destroyer
    32 | D        | Killed a bag of meat
    33 | D        | Noticed a meat berserker
    33 | D        | Killed a bag of meat
    35 | D        | Noticed a bag of meat
    35 | D        | Noticed a bag of meat
    36 | D        | Noticed a bag of meat
    36 | D        | Killed The Servant
    37 | D        | Noticed a bag of meat
    37 | D        | Noticed a bag of meat
    37 | D        | Killed a destroyer
    37 | D        | Killed a bag of meat
    37 | D        | Reached skill level 27 in Spellcasting
    37 | D        | Reached XP level 21. HP: 142/142 MP: 29/48
    38 | D        | Noticed a bag of meat
    38 | D        | Noticed a meat berserker
    40 | D        | Noticed a bag of meat
    41 | D        | Noticed a sculptor of flesh
    41 | D        | Noticed a sculptor of flesh
    44 | D        | Killed a bag of meat
    44 | D        | Killed a bag of meat
    45 | D        | Noticed a destroyer
    46 | D        | Noticed a destroyer
    49 | D        | Noticed a destroyer
    49 | D        | Killed a destroyer
    49 | D        | Killed a bag of meat
    49 | D        | Killed a bag of meat
    49 | D        | Reached skill level 27 in Invocations
    51 | D        | Noticed a meat berserker
    52 | D        | Noticed a meat berserker
    52 | D        | Noticed a tyrant
    57 | D        | Killed a tyrant
    58 | D        | Killed a meat berserker
    59 | D        | Noticed a bag of meat
    60 | D        | Noticed a meat berserker
    61 | D        | Noticed a meat berserker
    62 | D        | Noticed a bag of meat
    63 | D        | Noticed a bag of meat
    63 | D        | Noticed a bag of meat
    64 | D        | Noticed a meat berserker
    64 | D        | Killed a meat berserker
    65 | D        | Noticed a bag of meat
    65 | D        | Noticed a meat berserker
    65 | D        | Killed a meat berserker
    65 | D        | Reached XP level 22. HP: 148/148 MP: 35/49
    66 | D        | Noticed a bag of meat
    67 | D        | Noticed a meat berserker
    67 | D        | Noticed a meat beast
    67 | D        | Killed a destroyer
    67 | D        | Reached skill level 27 in Unarmed Combat
    67 | D        | Killed a meat berserker
    67 | D        | Killed a sculptor of flesh
    67 | D        | Reached skill level 27 in Armour
    68 | D        | Noticed a bag of meat
    68 | D        | Noticed a meat berserker
    68 | D        | Noticed a bag of meat
    68 | D        | Killed a meat berserker
    68 | D        | Killed a meat berserker
    68 | D        | Killed a meat berserker
    69 | D        | Noticed a large bag of meat
    69 | D        | Noticed a bag of meat
    69 | D        | Noticed a destroyer
    69 | D        | Noticed a meat berserker
    70 | D        | Noticed a bag of meat
    70 | D        | Noticed a bag of meat
    70 | D        | Killed a meat berserker
    70 | D        | Killed a bag of meat
    71 | D        | Noticed an accursed
    71 | D        | Killed a bag of meat
    71 | D        | Reached XP level 23. HP: 153/153 MP: 37/49
    71 | D        | Killed a meat beast
    71 | D        | Killed a bag of meat
    72 | D        | Noticed a sculptor of flesh
    72 | D        | Killed a meat berserker
    72 | D        | Killed a bag of meat
    72 | D        | Killed a destroyer
    73 | D        | Noticed a meat berserker
    73 | D        | Noticed an accursed
    73 | D        | Killed a bag of meat
    74 | D        | Noticed a bag of meat
    74 | D        | Noticed a bag of meat
    74 | D        | Killed a meat berserker
    74 | D        | Killed a sculptor of flesh
    74 | D        | Killed a destroyer
    74 | D        | Reached XP level 24. HP: 158/158 MP: 37/50
    75 | D        | Killed a bag of meat
    75 | D        | Killed a bag of meat
    76 | D        | Noticed a sculptor of flesh
    76 | D        | Noticed a bag of meat
    76 | D        | Killed a meat berserker
    76 | D        | Killed a bag of meat
    77 | D        | Noticed a meat berserker
    77 | D        | Killed a bag of meat
    77 | D        | Killed a bag of meat
    77 | D        | Killed a bag of meat
    78 | D        | Killed a bag of meat
    78 | D        | Killed a bag of meat
    79 | D        | Noticed a meat berserker
    79 | D        | Killed a large bag of meat
    79 | D        | Killed a bag of meat
    79 | D        | Reached XP level 25. HP: 163/163 MP: 38/50
    80 | D        | Killed a bag of meat
    80 | D        | Killed a bag of meat
    80 | D        | Killed a bag of meat
    81 | D        | Noticed a wretched soul
    81 | D        | Noticed a bag of meat
    81 | D        | Noticed a meat beast
    81 | D        | Killed a bag of meat
    82 | D        | Killed a meat berserker
    83 | D        | Killed a meat berserker
    83 | D        | Killed a sculptor of flesh
    84 | D        | Killed a bag of meat
    85 | D        | Noticed a meat berserker
    86 | D        | Killed an accursed
    86 | D        | Killed a meat berserker
    86 | D        | Killed a meat beast
    86 | D        | Reached XP level 26. HP: 169/169 MP: 40/50
    86 | D        | Killed a bag of meat
    87 | D        | Noticed a bag of meat
    88 | D        | Killed a sculptor of flesh
    88 | D        | Killed a bag of meat
    88 | D        | Killed an accursed
    90 | D        | Noticed a meat berserker
    91 | D        | Noticed a meat berserker
    91 | D        | Noticed a tyrant
    92 | D        | Noticed an observer
    92 | D        | Noticed a bag of meat
    93 | D        | Noticed an accursed
    93 | D        | Noticed a wretched soul
    94 | D        | Killed a meat berserker
    95 | D        | Noticed a destroyer
    97 | D        | Killed a destroyer
    98 | D        | Noticed a meat beast
    98 | D        | Killed a meat berserker
    98 | D        | Killed a tyrant
   100 | D        | Noticed a meat berserker
   101 | D        | Noticed a bag of meat
   101 | D        | Killed a wretched soul
   102 | D        | Noticed a wretched soul
   102 | D        | Noticed a bag of meat
   103 | D        | Killed a bag of meat
   103 | D        | Killed a meat berserker
   104 | D        | Noticed a destroyer
   104 | D        | Killed a meat beast
   104 | D        | Reached XP level 27. HP: 174/174 MP: 44/50
   104 | D        | Killed an accursed
   104 | D        | Killed a meat berserker
   105 | D        | Killed a destroyer
   105 | D        | Killed a bag of meat
   106 | D        | Noticed a meat berserker
   107 | D        | Killed a wretched soul
   107 | D        | Killed an observer
   109 | D        | Killed a bag of meat
   109 | D        | Killed a bag of meat
   110 | D        | Noticed a meat berserker
   110 | D        | Killed a meat berserker
   110 | D        | Killed a bag of meat
   112 | D        | Noticed a meat berserker
   112 | D        | Noticed an observer
   112 | D        | Noticed a bag of meat
   113 | D        | Killed a wretched soul
   114 | D        | Noticed a large bag of meat
   114 | D        | Noticed a meat berserker
   115 | D        | Killed a meat berserker
   116 | D        | Noticed a meat beast
   116 | D        | Noticed a destroyer
   117 | D        | Noticed a bag of meat
   117 | D        | Noticed a meat beast
   117 | D        | Killed a meat berserker
   118 | D        | Noticed a bag of meat
   118 | D        | Killed an observer
   120 | D        | Noticed a bag of meat
   120 | D        | Killed a meat berserker
   121 | D        | Noticed a tyrant
   122 | D        | Killed a large bag of meat
   122 | D        | Killed a meat beast
   123 | D        | Noticed a sculptor of flesh
   123 | D        | Noticed a bag of meat
   123 | D        | Killed a bag of meat
   124 | D        | Killed a meat beast
   125 | D        | Noticed a meat berserker
   128 | D        | Noticed a fleshlord
   128 | D        | Killed a bag of meat
   129 | D        | Noticed a dread
   129 | D        | Noticed a fleshlord
   130 | D        | Killed a meat berserker
   130 | D        | Killed a bag of meat
   130 | D        | Killed a destroyer
   131 | D        | Noticed a bag of meat
   133 | D        | Noticed a fleshlord
   138 | D        | Killed a fleshlord
   138 | D        | Killed a fleshlord
   139 | D        | Killed a bag of meat
   140 | D        | Noticed a sculptor of flesh
   140 | D        | Noticed a bag of meat
   141 | D        | Killed a bag of meat
   142 | D        | Noticed a large bag of meat
   142 | D        | Killed from afar by a scourge

Action                   |  1- 3 |  4- 6 |  7- 9 | 10-12 | 13-15 | 16-18 | 19-21 | 22-24 | 25-27 || total
-------------------------+-------+-------+-------+-------+-------+-------+-------+-------+-------++-------
Melee: Broad axe         |     1 |       |       |     1 |     2 |     4 |    14 |    12 |    34 ||    68
  Use: Potion            |       |       |       |       |       |       |       |       |     1 ||     1
